 Dungeon Crawl Stone Soup version 0.30-a0-222-ge547ba4400 (webtiles) character file.

Game seed: 5091102597280068056

970 blackman the Slasher (level 7, -6/56 HPs)
             Began as a Demigod Delver on Oct 8, 2022.
             Splashed by a jelly's acid (9 damage)
             ... on level 6 of the Dungeon.
             The game lasted 00:10:44 (6441 turns).

blackman the Slasher (Demigod Delver)               Turns: 6441, Time: 00:10:45

Health: -6/56      AC: -10   Str: 13    XL:     7   Next: 62%
Magic:  9/9        EV: 15    Int: 12    God:
Gold:   316        SH:  0    Dex: 29    Spells: 6/6 levels left

rFire   . . .      SeeInvis .    a - +0 falchion
rCold   . . .      Faith    .    (no shield)
rNeg    . . .      Spirit   .    b - +0 leather armour
rPois   .          Reflect  .    h - +0 helmet
rElec   .          Harm     .    k - +0 cloak
rCorr   .          Rampage  .    y - +0 pair of gloves
Will    .....                    (no boots)
Stlth   +++.......               (no amulet)
HPRegen 0.29/turn                i - +6 ring of dexterity
MPRegen 0.11/turn                (no ring)

@: corroded, hasted, very quick
A: high MP 1, forlorn, divine attributes
a: no special abilities


You were on level 6 of the Dungeon.
You visited 1 branch of the dungeon, and saw 6 of its levels.

You collected 316 gold pieces.

Inventory:

Hand Weapons
 a - a +0 falchion (weapon)
Missiles
 B - 8 poisoned darts (quivered)
Armour
 b - a +0 leather armour (worn)
 h - a +0 helmet (worn)
 k - a +0 cloak (worn)
 y - a +0 pair of gloves (worn)
Jewellery
 i - a +6 ring of dexterity (left hand)
Wands
 g - a wand of digging (2)
Scrolls
 c - a scroll of fog
 d - a scroll of magic mapping
 j - a scroll of vulnerability
 l - 3 scrolls of teleportation
 p - 2 scrolls of poison
 r - a scroll of enchant weapon
 t - 2 scrolls of amnesia
 u - a scroll of noise
 v - a scroll of enchant armour
 w - a scroll of immolation
Potions
 f - a potion of haste
 m - a potion of attraction
 n - 3 potions of curing
 o - a potion of invisibility {unknown}
 q - 2 potions of brilliance
 s - a potion of heal wounds {unknown}
 x - 2 potions of flight
 z - a potion of lignification {unknown}
 A - a potion of resistance {unknown}


   Skills:
 - Level 2.6 Fighting
 - Level 7.5 Long Blades
 * Level 4.3 Dodging
 - Level 4.5 Stealth


You had 6 spell levels left.
You didn't know any spells.
Your spell library contained the following spells:

 Spells                   Type           Power      Damage    Failure   Level
 Apportation              Tloc           0%         N/A       38%         1
 Blink                    Tloc           0%         N/A       54%         2
 Cigotuvi's Dreadful Rot  Necr/Pois/Air  0%         N/A       54%         2
 Momentum Strike          Conj/Tloc      0%         3d8       54%         2
 Poisonous Vapours        Pois/Air       0%         N/A       54%         2
 Confusing Touch          Hex            0%         N/A       77%         3
 Gell's Gravitas          Tloc           0%         N/A       77%         3
 Kindle Blastsparks       Fire/Tloc/Air  0%         2d10      77%         3
 Lesser Beckoning         Tloc           0%         N/A       77%         3
 Mephitic Cloud           Conj/Pois/Air  0%         N/A       77%         3
 Teleport Other           Tloc           0%         N/A       77%         3
 Animate Armour           Summ/Erth      0%         N/A       99%         4
 Fulminant Prism          Conj/Hex       0%         3d6       99%         4
 Iskenderun's Mystic Bla  Conj/Tloc      0%         2d3       99%         4
 Blade Hands              Tmut           0%         N/A       100%        5
 Lee's Rapid Deconstruct  Erth           0%         3d5*      100%        5
 Iron Shot                Conj/Erth      0%         9d1       100%        6


Dungeon Overview and Level Annotations

Branches:
Dungeon (6/15)
 Temple: D:4-7


Innate Abilities, Weirdness & Mutations

You have an increased reservoir of magic. (+10% MP)
You shall have no god before yourself.
Your divine heritage dramatically boosts your attributes as you level up.


Message History

The jelly closely misses you.
You hit the jelly. The acid corrodes you!
Your hands burn!
The jelly is severely wounded.
The jelly closely misses you.
You hit the jelly. The acid corrodes you!
Your hands burn!
The jelly is severely wounded.
The jelly barely misses you.
You hit the jelly but do no damage.
Your hands burn!
You punch the jelly, but do no damage.
The jelly is severely wounded.
The jelly hits you. The acid corrodes you!
You are splashed with acid!
You are too injured to fight recklessly!
You are too injured to fight recklessly!
You barely miss the jelly.
The jelly is severely wounded.
The jelly hits you.
You are splashed with acid!
* * * LOW HITPOINT WARNING * * *
Press: ? - help, v - describe, . - travel
Here: a jelly (severely wounded)
The floor.
You are too injured to fight recklessly!
Throw: 2 darts (curare)
Press: ? - help, Shift-Dir - straight line, f - jelly
Aim: a jelly (severely wounded, 91% to hit)
You throw a curare-tipped dart. The curare-tipped dart hits the jelly.
The jelly is severely wounded.
The jelly completely misses you.
Throw: dart (curare)
Press: ? - help, Shift-Dir - straight line, f/p - jelly
Aim: a jelly (severely wounded, 91% to hit)
You throw a curare-tipped dart. The curare-tipped dart hits the jelly.
The jelly is severely wounded.
The jelly hits you.
* * * LOW HITPOINT WARNING * * *
The acid corrodes you!
You are splashed with acid!
* * * LOW HITPOINT WARNING * * *
You feel yourself speed up. The jelly hits you.
* * * LOW HITPOINT WARNING * * *
You are splashed with acid!
You die...

.... .≈≈≈≈ .....
..≈§§≈ ####..≈.§.
########....(≈.§.
#....<##.†...≈.§.
#.....##..##.≈..≈
#.....@J.....≈...
#......##.....≈≈≈≈
........##........
###########.##.##.
#.. ... #### ###


You could see a jelly.

Vanquished Creatures
  3 ice beasts
  A black bear (D:5)
  An ogre (D:5)
  A phantom (D:5)
  A scorpion (D:5)
  A gnoll sergeant (D:5)
  An orc priest (D:5)
  A hound (D:4)
  Crazy Yiuf (D:4)
  2 iguanas (D:5)
  5 gnolls
  6 adders
  2 worms
  2 dart slugs
  An orc (D:5)
  2 ball pythons
  2 bats
  6 endoplasms
  4 giant cockroaches (D:1)
  7 goblins
  4 hobgoblins
  5 jackals
  6 quokkas
  6 frilled lizards
  7 kobolds
  6 rats
  A spectral goblin (D:1)
85 creatures vanquished.

Vanquished Creatures (others)
  A fungus (D:5)
  16 plants (D:2)
17 creatures vanquished.

Grand Total: 102 creatures vanquished

Notes
Turn   | Place    | Note
-------+----------+-------------------------------------------
     0 | D:5      | blackman the Demigod Delver began the quest for the Orb.
     0 | D:5      | Reached XP level 1. HP: 18/18 MP: 3/3
    54 | D:5      | Noticed an ice beast
    78 | D:5      | Reached skill level 2 in Long Blades
   115 | D:5      | Noticed a scorpion
   121 | D:5      | Killed a scorpion
   122 | D:5      | Reached skill level 4 in Long Blades
   122 | D:5      | Reached XP level 2. HP: 25/25 MP: 4/4
   122 | D:5      | Reached XP level 3. HP: 30/30 MP: 5/5
   212 | D:5      | Noticed a gnoll sergeant
   229 | D:4      | Reached XP level 4. HP: 31/37 MP: 6/6
   498 | D:4      | Found a runed translucent door.
   499 | D:4      | Noticed Crazy Yiuf
   765 | D:4      | Noticed an ice beast
   771 | D:4      | Killed an ice beast
   772 | D:4      | Reached skill level 5 in Long Blades
   772 | D:4      | Reached XP level 5. HP: 25/42 MP: 7/7
  1023 | D:5      | Noticed an ice beast
  1027 | D:5      | Killed an ice beast
  1028 | D:5      | Reached skill level 6 in Long Blades
  1154 | D:5      | Noticed a black bear
  1173 | D:5      | Killed a black bear
  1174 | D:5      | Reached XP level 6. HP: 35/50 MP: 8/8
  1810 | D:1      | Got the Tome of the Ensnaring Voyage
  3027 | D:3      | Reached skill level 7 in Long Blades
  3694 | D:4      | Killed Crazy Yiuf
  3825 | D:5      | HP: 2/50 [gnoll/+0 halberd[a gnoll sergeant] (8)]
  4968 | D:5      | Reached XP level 7. HP: 56/56 MP: 9/9
  5108 | D:5      | Identified the ring "Tun Geto" {*Slow rElec rPois rC+
                  | Dex+2}
  6441 | D:6      | Splashed by a jelly's acid

Illustrated notes

Levels and vault maps discovered:
D:1:      arrival_aquarium_a, layout_basic,
          dreamdust_ecumenical_altar_drowned_temple
D:2:      wad_woods_tower, layout_basic, basic_altar
D:3:      layout_rooms, mainiacjoe_overflow_alcove_1
D:4:      layout_loops_corners, uniq_crazy_yiuf_cottage
D:5:      layout_cave_pods, mainiacjoe_overflow_tiny_flanked,
          mainiacjoe_overflow_cross_hatched
D:6:      layout_loops_cross, mainiacjoe_overflow_paths,
          mainiacjoe_overflow_concentric_impassable,
          lemuel_coloured_pillars_altar, minmay_temple_entry_slanted

Skill      XL: |  1  2  3  4  5  6  7 |
---------------+----------------------+-----
Long Blades    | 4 5 6 7 |  7.5
Dodging        | 4 |  4.3
Fighting       | |  2.6
Stealth        | |  4.5

Action                   |  1- 3 |  4- 6 |  7- 9 || total
-------------------------+-------+-------+-------++-------
Melee: Falchion          |    17 |   228 |    69 ||   314
       Punch             |       |     1 |     3 ||     4
Throw: Dart              |     2 |    11 |     5 ||    18
Evoke: Wand              |       |    13 |       ||    13
  Use: Scroll            |       |     1 |    13 ||    14
       Potion            |       |       |     3 ||     3
 Stab: Sleeping          |     1 |    22 |       ||    23
       Distracted        |       |       |     2 ||     2
       Fleeing           |       |       |     1 ||     1
Armor: Leather armour    |     2 |    55 |    10 ||    67
Dodge: Dodged            |     6 |   144 |    41 ||   191

Table legend: (Time is in decaauts)
 A = Elapsed time spent in this place.
 B = Non-inter-level travel time spent in this place.
 C = Inter-level travel time spent in this place.
 D = Time resting spent in this place.
 E = Time spent auto-exploring this place.
 F = Levels seen in this place.
 G = Mean time per level.
                   A        B        C        D        E       F      G
               +--------+--------+--------+--------+--------+-----+--------+
         Total |   6407 |   6011 |    396 |   1569 |   3437 |   6 | 1067.8 |
       Dungeon |   6407 |   6011 |    396 |   1569 |   3437 |   6 | 1067.8 |
               +--------+--------+--------+--------+--------+-----+--------+

Top non-repeatable levels by time:
     D:4: 2253 daAuts
     D:5: 1899 daAuts
     D:2: 955 daAuts
     D:1: 679 daAuts
     D:3: 581 daAuts
     D:6: 38 daAuts
